 Dungeon Crawl Stone Soup version 0.32-a0-931-g5a2cda0630 (webtiles) character file.

Game seed: 11339321054277967459

1996 HokiCoki the Spear-Bearer (level 9, -5/75 HPs)
             Began as a Minotaur Berserker on Apr 14, 2024.
             Was a Believer of Trog.
             Killed from afar by an electric eel (9 damage)
             ... with a bolt of electricity
             ... on level 5 of the Dungeon.
             The game lasted 00:16:05 (3544 turns).

HokiCoki the Spear-Bearer (Minotaur Berserker)      Turns: 3544, Time: 00:16:06

Health: -5/75      AC: 13    Str: 29    XL:     9   Next: 1%
Magic:  8/8        EV:  7    Int:  4    God:    Trog [**....]
Gold:   306        SH: 16    Dex: 16    Spells: 8/8 levels left

rFire   . . .        g - +1 trident (pain)
rCold   + . .        c - +0 kite shield
rNeg    . . .        A - +0 plate armour
rPois   .            (helmet restricted)
rElec   .            (no cloak)
rCorr   .            (no gloves)
SInv    .            (no boots)
Will    .....        h - amulet of reflection Stlth
                     e - +6 ring of dexterity
HPRegen 0.32/turn    v - ring "Poaloirgh" {*Slow Fly rC+ Str+3}
MPRegen 0.11/turn

%: slow self (1%), reflection
@: brilliant, flying
A: horns 2, retaliatory headbutt
a: Renounce Religion, Berserk, Trog's Hand


You were on level 5 of the Dungeon.
You worshipped Trog.
Trog was pleased with you.
You visited 1 branch of the dungeon, and saw 5 of its levels.

You collected 306 gold pieces.

Inventory:

Hand Weapons
 b - a +1 vampiric dagger
 g - a +1 trident of pain (weapon)
Missiles
 n - 3 boomerangs (quivered)
 C - 4 atropa-tipped darts
Armour
 c - a +0 kite shield (worn)
 A - a +0 plate armour (worn)
Magical Staves
 z - a staff of conjuration
Jewellery
 e - a +6 ring of dexterity (left hand)
 h - an amulet of reflection (around neck)
 t - an amulet of guardian spirit
 v - the ring "Poaloirgh" (right hand) {*Slow Fly rC+ Str+3}
   (You found it on level 3 of the Dungeon)

   [ring of flight]

   Str+3:     It affects your strength (+3).
   rC+:       It protects you from cold.
   Fly:       It grants you flight.
   *Slow:     It may slow you when you take damage.
Talismans
 w - a storm talisman
Wands
 a - a wand of mindburst (22)
 x - a wand of digging (6)
 y - a wand of charming (2)
 E - a wand of flame (21)
Scrolls
 d - a scroll of poison {unknown}
 j - 3 scrolls of amnesia {unknown}
 k - a scroll of noise {unknown}
 o - 2 scrolls of identify {unknown}
 q - a scroll of fog {unknown}
 r - a scroll of revelation {unknown}
 s - a scroll of teleportation {unknown}
 u - a scroll of vulnerability {unknown}
Potions
 f - a potion of ambrosia {unknown}
 i - 2 potions of magic
 l - a potion of brilliance
 m - 2 potions of curing
 B - a potion of enlightenment {unknown}
 D - a potion of might {unknown}


   Skills:
 + Level 6.1 Fighting
 + Level 8.4 Polearms
 + Level 6.8 Armour
 + Level 3.2 Dodging
 + Level 0.8 Stealth
 + Level 8.0 Shields


You had 8 spell levels left.
You didn't know any spells.
Your spell library contained the following spells:

 Spells                   Type           Power      Damage    Failure   Level
 Dazzling Flash           Conj/Hex       0%         N/A       100%        3
 Fugue of the Fallen      Necr           0%         N/A       100%        3
 Ozocubu's Armour         Ice            0%         N/A       100%        3
 Teleport Other           Tloc           0%         N/A       100%        3
 Dispersal                Tloc           0%         N/A       100%        6
 Gell's Gavotte           Tloc           0%         2d(11-16) 100%        6
 Starburst                Conj/Fire      0%         6d3       100%        6
 Manifold Assault         Tloc           0%         N/A       100%        7
 Maxwell's Capacitive Co  Air            0%         ∞         100%        8


Dungeon Overview and Level Annotations

Branches:
Dungeon (5/15)             Temple (0/1) D:4

Altars:
Nemelex Xobeh
Wu Jian

Shops:
D:4 *


Innate Abilities, Weirdness & Mutations

You have a pair of horns on your head.
You reflexively headbutt those who attack you in melee.


Message History

Your Shields skill increases to level 8!
You have reached level 9!
Your experience leads to an increase in your attributes!
Your base attributes are Str 24, Int 4, Dex 10.
Increase (S)trength, (I)ntelligence, or (D)exterity?
You feel stronger. x2
The electric eel shoots out a bolt of lightning at you!
The bolt of electricity misses you.
The electric eel shoots out a bolt of lightning at you!
The bolt of electricity hits the plant.
The plant begins to die.
The bolt of electricity hits you!
The electric eel shoots out a bolt of lightning at you!
The bolt of electricity hits you.
The electric eel shoots out a bolt of lightning at you!
The bolt of electricity hits you.
There is an open door here.
The electric eel shoots out a bolt of lightning at you!
The bolt of electricity hits you!
* * * LOW HITPOINT WARNING * * *
The electric eel shoots out a bolt of lightning at you!
The bolt of electricity hits the plant!
The bolt of electricity misses you.
It was a potion of curing.
You feel better.
It was a potion of brilliance.
You feel clever all of a sudden.
It was a potion of heal wounds.
You feel much better.
Okay, then.
The electric eel shoots out a bolt of lightning at you!
The bolt of electricity hits you!
The electric eel shoots out a bolt of lightning at you!
The bolt of electricity hits you.
There is an open door here.
The electric eel shoots out a bolt of lightning at you!
The bolt of electricity hits you! x2
* * * LOW HITPOINT WARNING * * *
The electric eel shoots out a bolt of lightning at you!
The bolt of electricity hits you!
* * * LOW HITPOINT WARNING * * *
The electric eel shoots out a bolt of lightning at you!
The bolt of electricity hits you!
You die...

#........#.....##.########...####
.........#.<...#.. .P=~≈##'#..#.
.........#.....#.# .P.~≈S#.#..#.
.........#.....#.# ..P$)≈#.#..#.
.........#....##~# .P~.≈≈#~#..#.
.........#....#~~# .~÷(≈##~#..#.
.........#...##~##########~##<.#.
.........#...#..#...~?S##~##...#.
.........#...#.#@..~..S≈#.#.>..#.
#........#...#~#...../[≈#)#....#.
+........#...#~#...~P.S≈#.#....#.
#........#...#~##..P~÷≈##†#....##
#........#...##.########~########
#........#....##....~~~~##......#
#........#.....###########......#
#........#.....'.........#......#
#........'.....#.........#......#


You could see 3 electric eels.

Vanquished Creatures
  Pikel (D:5)
  Grinder (D:5)
  A shadow (D:5)
  Menkaure (D:5)
  A black bear (D:4)
  2 ice beasts
  2 ogres (D:5)
  A centaur (D:5)
  3 lemures (D:5)
  2 phantoms
  A scorpion (D:5)
  A bombardier beetle (D:5)
  2 hounds (D:5)
  3 iguanas
  2 sleepcaps (D:5)
  Ijyb (D:4)
  4 adders
  3 ribbon worms
  2 dart slugs
  6 orcs
  4 ball pythons
  5 bats
  4 endoplasms
  A giant cockroach (D:4)
  7 goblins
  3 hobgoblins
  4 jackals (D:3)
  4 kobolds
  4 quokkas
  5 frilled lizards
  5 rats
  A butterfly (D:4)
87 creatures vanquished.

Notes
Turn   | Place    | Note
-------+----------+-------------------------------------------
     0 | D:1      | HokiCoki the Minotaur Berserker began the quest for the
                  | Orb.
     0 | D:1      | Reached XP level 1. HP: 19/19 MP: 0/0
   121 | D:1      | Found a faded altar of an unknown god.
   205 | D:1      | Reached XP level 2. HP: 27/27 MP: 1/1
   859 | D:2      | Reached XP level 3. HP: 33/33 MP: 2/2
  1015 | D:2      | Reached ** piety under Trog
  1122 | D:3      | Reached skill level 1 in Shields
  1170 | D:3      | Identified the ring "Poaloirgh" {*Slow Fly rC+ Str+3}
  1310 | D:3      | Noticed an ice beast
  1317 | D:3      | Killed an ice beast
  1318 | D:3      | Reached skill level 5 in Polearms
  1318 | D:3      | Reached XP level 4. HP: 28/41 MP: 3/3
  1318 | D:3      | Reached XP level 5. HP: 32/47 MP: 4/4
  1436 | D:3      | You are sucked into a shaft and drop 1 floor!
  1440 | D:4      | Noticed Ijyb
  1453 | D:4      | Killed Ijyb
  1661 | D:4      | Noticed a phantom
  1668 | D:4      | Killed a phantom
  1839 | D:4      | Reached XP level 6. HP: 38/53 MP: 5/5
  1843 | D:4      | Found a sparkling altar of Nemelex Xobeh.
  2239 | D:4      | Found a staircase to the Ecumenical Temple.
  2258 | D:4      | Found an ornate altar of the Wu Jian Council.
  2302 | D:4      | Found Lant's Assorted Antiques.
  2505 | D:5      | Entered Level 5 of the Dungeon
  2505 | D:5      | Noticed Menkaure
  2508 | D:5      | Killed Menkaure
  2509 | D:5      | Reached XP level 7. HP: 60/60 MP: 6/6
  2512 | D:5      | Reached skill level 5 in Fighting
  2543 | D:5      | Reached skill level 5 in Shields
  2748 | D:5      | Noticed Pikel
  2761 | D:5      | Reached skill level 5 in Armour
  2799 | D:5      | Killed Pikel
  2800 | D:5      | Reached XP level 8. HP: 7/69 MP: 7/7
  3137 | D:5      | Noticed Grinder
  3152 | D:5      | Killed Grinder
  3524 | D:5      | Reached XP level 9. HP: 44/75 MP: 8/8
  3544 | D:5      | Killed from afar by an electric eel

Illustrated notes

Levels and vault maps discovered:
D:1:      co_arrival_square_in_a_square_in_a_square, layout_rooms,
          shapermc_ecumenical_altar_mp_ritualfount
D:2:      layout_basic
D:3:      layout_loops_ring, chequers_serial_rivers_micro_c,
          chequers_serial_rivers_small_a
D:4:      layout_loops_ring, marbit_many_paths, nicolae_wu_jian_glorious_leap,
          minmay_temple_entry_butterflies, serial_shops,
          nicolae_shop_window_shopping, item_on_display_a, uniq_ijyb
D:5:      cheibrodos_two_vegetables, layout_gridville, uniq_pikel, uniq_grinder,
          uniq_menkaure

Skill      XL: |  1  2  3  4  5  6  7  8 |
---------------+-------------------------+-----
Polearms       | 4 5 6 7 8 |  8.4
Fighting       | 4 5 6 |  6.1
Shields        | 2 3 4 6 8 |  8.0
Armour         | 3 4 5 6 |  6.8
Dodging        | 3 |  3.2
Stealth        | |  0.8

Action                     |  1- 3 |  4- 6 |  7- 9 || total
---------------------------+-------+-------+-------++-------
  Melee: Spear             |    13 |       |       ||    13
         Headbutt          |    11 |     8 |    25 ||    44
         Trident           |    78 |    71 |   115 ||   264
 Invoke: Berserk           |       |     1 |     1 ||     2
         Trog's Hand       |       |       |     1 ||     1
    Use: Potion            |       |       |     4 ||     4
 Armour: Animal skin       |    14 |       |       ||    14
         Chain mail        |    45 |    26 |       ||    71
         Plate armour      |       |    14 |    93 ||   107
  Dodge: Dodged            |    22 |    12 |    37 ||    71
  Block: Kite shield       |    61 |    55 |   116 ||   232
         Reflection        |       |       |     1 ||     1

Table legend: (Time is in decaauts)
 A = Elapsed time spent in this place.
 B = Non-inter-level travel time spent in this place.
 C = Inter-level travel time spent in this place.
 D = Time resting spent in this place.
 E = Time spent auto-exploring this place.
 F = Levels seen in this place.
 G = Mean time per level.
                   A        B        C        D        E       F      G
               +--------+--------+--------+--------+--------+-----+--------+
         Total |   3595 |   3595 |      0 |    300 |   1997 |   5 |  719.0 |
       Dungeon |   3595 |   3595 |      0 |    300 |   1997 |   5 |  719.0 |
               +--------+--------+--------+--------+--------+-----+--------+

Top non-repeatable levels by time:
     D:4: 1074 daAuts
     D:5: 1065 daAuts
     D:1: 686 daAuts
     D:2: 431 daAuts
     D:3: 337 daAuts
